 Dungeon Crawl Stone Soup version 0.23-a0-14-g8c9a20f (webtiles) character file.

11022 Loudmushroom the Cleaver (level 11, -3/99 HPs)
             Began as a Minotaur Berserker on Aug 2, 2018.
             Was a High Priest of Trog.
             Splashed by a brown ugly thing's acid (5 damage)
             ... on level 11 of the Dungeon.
             The game lasted 01:00:39 (10789 turns).

Loudmushroom the Cleaver (Minotaur Berserker)      Turns: 10789, Time: 01:00:40

Health: -3/99      AC: 12    Str: 21    XL:     11   Next: 43%
Magic:  13/13      EV: 12    Int:  4    God:    Trog [*****.]
Gold:   271        SH:  0    Dex: 19    Spells: 10/10 levels left

rFire    . . .     SeeInvis .   a - +3 war axe
rCold    . . .     Gourm    .   (no shield)
rNeg     . . .     Faith    .   o - +0 plate armour
rPois    .         Spirit   .   (helmet restricted)
rElec    .         Reflect  .   R - +0 cloak
rCorr    .         Harm     .   (no gloves)
MR       ++...                  P - +0 pair of boots
Stlth    ..........             (no amulet)
HPRegen  1.26/turn              t - +3 ring of protection
MPRegen  0.13/turn              v - +5 ring of dexterity

@: corroded, berserk cooldown, regenerating, slowed, very slow
A: retaliatory headbutt, horns 2
a: Berserk, Trog's Hand, Brothers in Arms, Renounce Religion


You were on level 11 of the Dungeon.
You worshipped Trog.
Trog was extremely pleased with you.
You were near starving.

You visited 1 branch of the dungeon, and saw 11 of its levels.

You collected 622 gold pieces.
You spent 351 gold pieces at shops.

Inventory:

Hand Weapons
 a - a +3 war axe (weapon)
 b - the +8 longbow of Impatience {venom, rF+ rN+}
   (You bought it in a shop on level 8 of the Dungeon)

   It poisons the ammo it fires.
   It protects you from fire.
   It protects you from negative energy.
 d - a +0 blowgun
 T - a +0 battleaxe
 W - a +4 hand axe of flaming
Missiles
 e - 125 arrows
 m - a throwing net
 p - 79 bolts
 y - 3 needles of frenzy
 D - 6 tomahawks
 G - 54 poisoned needles
 Q - 2 javelins (quivered)
Armour
 o - a +0 plate armour (worn)
 F - the +2 leather armour of the Moneychanger {rF+ rC+ rN++ MR-}
   (You found it on level 10 of the Dungeon)

   It protects you from fire.
   It protects you from cold.
   It greatly protects you from negative energy.
   It affects your resistance to hostile enchantments.
 P - a +0 pair of boots (worn)
 R - a +0 cloak (worn)
 X - the +6 ring mail of Card Tricks {rC+}
   (You found it on level 10 of the Dungeon)

   It protects you from cold.
Jewellery
 t - a +3 ring of protection (left hand)
 v - a +5 ring of dexterity (right hand)
 M - an uncursed ring of stealth
Wands
 f - a wand of enslavement (26)
 g - a wand of scattershot (5)
 i - a wand of paralysis (6)
 q - a wand of iceblast (9)
 r - a wand of digging (10)
 u - a wand of flame (52)
 z - a wand of clouds (6)
Scrolls
 j - a scroll of remove curse
 l - 4 scrolls of teleportation
 B - 3 scrolls of magic mapping {unknown}
 C - a scroll of fear
 H - 3 scrolls of blinking {unknown}
 K - 3 scrolls of identify
 O - a scroll of immolation {unknown}
Potions
 h - a potion of agility
 k - 4 potions of curing
 n - 2 potions of resistance {unknown}
 w - 2 potions of heal wounds {unknown}
 x - a potion of haste
 A - 2 potions of berserk rage
 I - 2 potions of brilliance {unknown}
Miscellaneous
 V - a phantom mirror
Comestibles
 c - 19 rations


   Skills:
 + Level 9.9 Fighting
 * Level 13.2 Axes
 + Level 9.6 Armour
 + Level 8.8 Dodging
 + Level 5.0 Evocations


You had 10 spell levels left.
You didn't know any spells.
Your spell library contained the following spells:

 Spells                   Type           Power        Failure   Level  Hunger
 Bolt of Magma            Conj/Fire/Erth #.........   100%        5    ######.
 Confuse                  Hex            #.......     100%        3    ####...
 Invisibility             Hex            #.......     100%        6    #######
 Throw Flame              Conj/Fire      #.....       100%        2    ###....
 Venom Bolt               Conj/Pois      #.........   100%        5    ######.
 Tukima's Dance           Hex            #.......     100%        3    ####...
 Iron Shot                Conj/Erth      #.........   100%        6    #######
 Flame Tongue             Conj/Fire      #....        100%        1    ##.....
 Ensorcelled Hibernation  Hex/Ice        #.....       100%        2    ###....
 Corona                   Hex            #......      100%        1    ##.....
 Orb of Destruction       Conj           #.........   100%        7    #######
 Iskenderun's Battlesphe  Conj/Chrm      #.......     100%        5    ######.
 Dazzling Spray           Conj/Hex       #.....       100%        3    ####...
 Summon Guardian Golem    Hex/Summ       #.......     100%        3    ####...
 Spellforged Servitor     Conj/Summ      #.........   100%        7    #######
 Ignition                 Fire           #.........   100%        8    #######


Dungeon Overview and Level Annotations

Branches:
Dungeon (11/15)            Temple (0/1) D:7            Lair (0/6) D:11
    Orc (0/2) D:9

Altars:
Ashenzari
Cheibriados
Elyvilon
Fedhas
Hepliaklqana
Kikubaaqudgha
Makhleb
Nemelex Xobeh
Okawaru
Sif Muna
Uskayaw
Vehumet
Wu Jian
Xom
The Shining One
Beogh

Shops:
D:7 ?   D:8 *

Annotations:
D:10 2 transporters, Eptagon's ghost, journeyman GnFi


Innate Abilities, Weirdness & Mutations

You reflexively headbutt those who attack you in melee.
You have a pair of horns on your head.


Message History

You headbutt the brown ugly thing.
The brown ugly thing is heavily wounded.
You are no longer berserk.
You are exhausted.
You feel yourself slow down.
The brown ugly thing closely misses you.
You slash the brown ugly thing!
The brown ugly thing is severely wounded.
The brown ugly thing gores you but does no damage.
You slash the brown ugly thing!
The brown ugly thing is almost dead.
You hit the troll but do no damage.
The brown ugly thing gores you but does no damage.
The troll bites you.
* * * LOW HITPOINT WARNING * * *
The troll claws you but does no damage. The troll closely misses you.
The brown ugly thing gores you!
* * * LOW HITPOINT WARNING * * *
The acid corrodes you!
You are splashed with acid!
The acid burns!
You die...

#..###'##...# ...#
#..#....#...# ...#
#..#....+...######...#
##..#....#.<)†........##
....######..............
...........[............
..).............(.......
..#########+###)u)......
..# #.@....... ..#
#.T(.(.... ..#
#......... ..#
#......... #.#
..##+....# #.# ... ....#
... .8'8# .... #[##


You could see a brown ugly thing and a troll.

Vanquished Creatures
  An ogre mage (D:10)
  3 two-headed ogres
  Pikel (D:4)
  A cyclops (D:11)
  A komodo dragon (D:11)
  Grinder (D:4)
  3 hippogriffs
  A shadow (D:11)
  2 wraiths (D:10)
  2 wyverns
  A steam dragon (D:9)
  A hungry ghost (D:11)
  A water moccasin (D:8)
  An acid dragon (D:11)
  3 slaves (D:4)
  Duvessa (D:4)
  2 black bears
  3 sky beasts
  4 phantoms
  9 orc warriors
  2 necrophages (D:9)
  An eye of draining (D:9)
  A centaur (D:9)
  2 ice beasts
  4 ogres
  3 crocodiles
  A big kobold (D:10)
  5 bullfrogs
  A wyvern skeleton (D:9)
  Dowan (D:4)
  3 killer bees (D:7)
  3 scorpions
  A howler monkey (D:6)
  3 crimson imps
  A bullfrog zombie (D:7)
  A centaur zombie (D:9)
  2 hounds
  A bullfrog skeleton (D:10)
  5 jellies
  12 orc priests
  A centaur skeleton (D:7)
  9 orc wizards
  Terence (D:2)
  An iguana (D:6)
  11 worker ants
  A hound zombie (D:6)
  A hound skeleton (D:9)
  4 gnolls (D:4)
  16 adders
  13 oozes
  6 worms
  4 dart slugs
  6 leopard geckos
  38 orcs
  A ball python (D:7)
  9 bats
  4 giant cockroaches
  8 goblins
  5 hobgoblins
  11 jackals
  3 quokkas
  7 frilled lizards
  16 kobolds
  A leopard gecko skeleton (D:4)
  A quokka skeleton (D:5)
  10 rats
283 creatures vanquished.

Vanquished Creatures (others)
  5 dream sheep (D:9)
  4 fungi (D:3)
  A plant (D:11)
  6 toadstools (D:3)
16 creatures vanquished.

Grand Total: 299 creatures vanquished

Notes
Turn   | Place    | Note
-------+----------+-------------------------------------------
     0 | D:1      | Loudmushroom the Minotaur Berserker began the quest for the Orb.
     0 | D:1      | Reached XP level 1. HP: 19/19 MP: 0/0
   119 | D:1      | Reached XP level 2. HP: 27/27 MP: 1/1
   135 | D:1      | Reached skill level 4 in Axes
   658 | D:1      | Reached XP level 3. HP: 33/33 MP: 2/2
   859 | D:1      | Found an ancient bone altar of Kikubaaqudgha.
   990 | D:2      | Reached ** piety under Trog
  1028 | D:2      | Found a blossoming altar of Fedhas.
  1096 | D:2      | Reached XP level 4. HP: 37/40 MP: 3/3
  1415 | D:2      | Noticed Terence
  1427 | D:2      | Killed Terence
  1427 | D:2      | Reached skill level 5 in Axes
  1531 | D:2      | Reached XP level 5. HP: 47/47 MP: 4/4
  1766 | D:3      | Reached *** piety under Trog
  2549 | D:3      | Reached XP level 6. HP: 39/55 MP: 5/5
  2865 | D:4      | Noticed Dowan
  2878 | D:4      | Killed Dowan
  2878 | D:4      | Reached skill level 5 in Fighting
  2878 | D:4      | Reached skill level 6 in Axes
  2889 | D:4      | Noticed Duvessa
  2900 | D:4      | Killed Duvessa
  3230 | D:4      | Noticed a slave
  3230 | D:4      | Noticed a slave
  3231 | D:4      | Noticed Pikel
  3231 | D:4      | Noticed a slave
  3232 | D:4      | Noticed a slave
  3240 | D:4      | Killed a slave
  3243 | D:4      | Killed a slave
  3244 | D:4      | Killed a slave
  3245 | D:4      | Killed Pikel
  3245 | D:4      | Reached skill level 7 in Axes
  3245 | D:4      | Reached skill level 5 in Armour
  3245 | D:4      | Reached XP level 7. HP: 44/63 MP: 6/6
  3493 | D:4      | Reached skill level 8 in Axes
  3493 | D:4      | Reached skill level 5 in Dodging
  3493 | D:4      | Reached XP level 8. HP: 31/70 MP: 7/7
  3792 | D:4      | Noticed Grinder
  3805 | D:4      | Killed Grinder
  4009 | D:5      | Entered Level 5 of the Dungeon
  4210 | D:5      | Found a shattered altar of Ashenzari.
  4363 | D:5      | Reached skill level 9 in Axes
  4480 | D:5      | Found a burning altar of Makhleb.
  4517 | D:5      | Found a hazy altar of Hepliaklqana.
  4532 | D:5      | Found a deep blue altar of Sif Muna.
  4688 | D:5      | Found a shimmering altar of Xom.
  4897 | D:6      | Reached **** piety under Trog
  4967 | D:6      | Reached XP level 9. HP: 79/79 MP: 8/8
  5368 | D:6      | Found an ornate altar of the Wu Jian Council.
  5783 | D:7      | Reached skill level 1 in Evocations
  5784 | D:7      | Reached skill level 10 in Axes
  5851 | D:7      | Found Zixefuh's Magic Scroll Shop.
  6046 | D:7      | Found a staircase to the Ecumenical Temple.
  6479 | D:8      | Found a white marble altar of Elyvilon.
  6817 | D:8      | Found an iron altar of Okawaru.
  6850 | D:8      | Found a sparkling altar of Nemelex Xobeh.
  6967 | D:8      | Found a hide-covered altar of Uskayaw.
  6981 | D:8      | Reached skill level 11 in Axes
  7064 | D:8      | Reached ***** piety under Trog
  7098 | D:8      | Found a radiant altar of Vehumet.
  7098 | D:8      | Found a snail-covered altar of Cheibriados.
  7169 | D:8      | Reached XP level 10. HP: 89/89 MP: 9/11
  7200 | D:8      | Found Iwoas's Assorted Antiques.
  7425 | D:9      | Noticed a two-headed ogre
  7431 | D:9      | Killed a two-headed ogre
  7745 | D:9      | Found a shimmering altar of Xom.
  8028 | D:9      | Noticed a two-headed ogre
  8039 | D:9      | Killed a two-headed ogre
  8039 | D:9      | Reached skill level 12 in Axes
  8760 | D:8      | Bought a pitted longbow for 351 gold pieces
  8760 | D:8      | Identified the +8 longbow of Impatience {venom, rF+ rN+} (You bought it in a shop on level 8 of the Dungeon)
  8836 | D:9      | Found a burning altar of Makhleb.
  9043 | D:9      | Found a glowing golden altar of the Shining One.
  9185 | D:9      | Found a staircase to the Orcish Mines.
  9329 | D:10     | Entered Level 10 of the Dungeon
  9453 | D:10     | Found a transporter.
  9474 | D:10     | Noticed a death knight
  9476 | D:10     | Noticed Eptagon's ghost (journeyman GnFi)
  9476 | D:10     | Found a transporter.
  9502 | D:10     | Found a transporter.
  9653 | D:10     | Reached XP level 11. HP: 97/97 MP: 13/13
 10025 | D:10     | Got an encrusted leather armour
 10108 | D:10     | Noticed an ogre mage
 10108 | D:10     | Noticed a two-headed ogre
 10108 | D:10     | Found a roughly hewn altar of Beogh.
 10120 | D:10     | Killed an ogre mage
 10124 | D:10     | Killed a two-headed ogre
 10273 | D:10     | Got a spiked ring mail
 10279 | D:10     | Identified the Disquisition on the Entrancing Arsonist
 10284 | D:10     | Found a transporter.
 10305 | D:10     | Identified the +6 ring mail of Card Tricks {rC+} (You found it on level 10 of the Dungeon)
 10315 | D:10     | Identified the +2 leather armour of the Moneychanger {rF+ rC+ rN++ MR-} (You found it on level 10 of the Dungeon)
 10572 | D:11     | Found a staircase to the Lair.
 10607 | D:11     | Reached skill level 13 in Axes
 10768 | D:11     | Noticed a brown ugly thing
 10775 | D:11     | Received a gift from Trog
 10784 | D:11     | Reached skill level 5 in Evocations
 10789 | D:11     | HP: 2/99 [brown ugly thing (8)]
 10789 | D:11     | Splashed by a brown ugly thing's acid

Vault maps used:
D:1:      dpeg_arrival_water_altar
D:2:      minivault_11, fedhas_altar_2, uniq_terence
D:3:      cheibrodos_fertilizer, minmay_misc_feat_cross
D:4:      uniq_pikel, uniq_grinder, uniq_duvessa
D:5:      kennysheep_mini_moat, nicolae_overflow_hidden_temple,
          cheibrodos_ashenzari_chains, basic_altar, first_ration,
          portal_sewer_entry_e, led_sif_pool
D:6:      kennysheep_little_box
D:7:      minmay_temple_entry_statues, serial_shops, nicolae_shop_trees
D:8:      nemelex_xobeh_ov_fountains_minmay, overflow_temple_1_default,
          lemuel_crystal_altar, gammafunk_temple_overflow_wave, serial_shops,
          nicolae_shop_stone, hangedman_little_slice_of_home,
          okawaru_metal_pillars_1_2
D:9:      marbit_many_paths, kb_xom_exploding_sheep, david_orc_4,
          makhleb_blood_cavern_becter
D:10:     gammafunk_beogh_shrine, gammafunk_ghost_mausoleum
D:11:     david_lair_shrubbed, serial_shops, shop, minmay_item_behind_shaft,
          jmf_multi_god_temple2, uniq_nergalle, uniq_sonja

Skill      XL: |  1  2  3  4  5  6  7  8  9 10 11 |
---------------+----------------------------------+-----
Axes           | 4 5 7 8 9 11 12 13 | 13.2
Fighting       | 4 6 7 8 9 |  9.9
Armour         | 3 4 5 6 7 9 |  9.6
Dodging        | 3 4 5 6 7 8 |  8.8
Evocations     | 2 4 5 |  5.0

Action                   |  1- 3 |  4- 6 |  7- 9 | 10-12 || total
-------------------------+-------+-------+-------+-------++-------
Melee: Hand axe          |    87 |   139 |   249 |     2 ||   477
       Headbutt          |     7 |    24 |    75 |    51 ||   157
       War axe           |       |       |    34 |   174 ||   208
 Fire: Hunting sling     |       |    29 |    39 |    14 ||    82
       Longbow           |       |       |       |    25 ||    25
Throw: Tomahawk          |       |       |       |     2 ||     2
       Javelin           |       |       |       |     1 ||     1
Invok: Berserk           |       |     2 |     2 |     4 ||     8
       Trog's Hand       |       |     1 |     5 |     5 ||    11
  Use: Scroll            |       |       |     8 |     1 ||     9
  Eat: Chunk             |     1 |     4 |    11 |    14 ||    30
       Ration            |       |     1 |     2 |     1 ||     4
Armor: Ring mail         |    28 |       |       |       ||    28
       Plate armour      |    35 |    85 |   202 |   104 ||   426
Dodge: Dodged            |    48 |    61 |   144 |   107 ||   360

Table legend:
 A = Spawn XP
 B = Non-spawn XP
 C = Spawn XP percentage of total XP
 D = Spawn monster count
 E = Non-spawn monster count
 F = Spawn count percentage of total count
 G = Total turns spent on level
                    A         B        C        D         E        F      G
               +---------+---------+-------+---------+---------+-------+---------
         Total |       0 |   15746 |   0.0 |       0 |     281 |   0.0 | 10789
               +---------+---------+-------+---------+---------+-------+---------
           D:1 |       0 |      41 |   0.0 |       0 |      21 |   0.0 |   885
           D:2 |       0 |     168 |   0.0 |       0 |      36 |   0.0 |   855
           D:3 |       0 |     205 |   0.0 |       0 |      33 |   0.0 |  1097
           D:4 |       0 |    1386 |   0.0 |       0 |      14 |   0.0 |  1172
           D:5 |       0 |     539 |   0.0 |       0 |      15 |   0.0 |   786
           D:6 |       0 |     848 |   0.0 |       0 |      29 |   0.0 |   871
           D:7 |       0 |     823 |   0.0 |       0 |      18 |   0.0 |   959
           D:8 |       0 |    1657 |   0.0 |       0 |      25 |   0.0 |   824
           D:9 |       0 |    4706 |   0.0 |       0 |      50 |   0.0 |  1880
          D:10 |       0 |    3655 |   0.0 |       0 |      28 |   0.0 |  1247
          D:11 |       0 |    1718 |   0.0 |       0 |      12 |   0.0 |   213
               +---------+---------+-------+---------+---------+-------+---------
